 Dungeon Crawl Stone Soup version 0.30-a0-782-ge64f9170bb (webtiles) character file.

Game seed: 16896973607002948891

5234 Crownlay the Frost Mage (level 10, 0/67 (76) HPs)
             Began as a Gnoll Ice Elementalist on Feb 26, 2023.
             Was a High Priest of Uskayaw.
             Slain by a wight
             ... wielding a +3 long sword of freezing
              (1 damage)
             ... on level 9 of the Dungeon.
             The game lasted 00:21:38 (9656 turns).

Crownlay the Frost Mage (Gnoll Ice Elementalist)    Turns: 9656, Time: 00:21:38

HP:   0/67 (76)     AC: 12    Str: 14    XL:     10   Next: 61%
MP:   0/21          EV: 14    Int: 19    God:    Uskayaw [*****.]
Gold: 50            SH:  0    Dex: 12    Spells: 5/24 levels left

rFire   + . .      SeeInvis .    x - +0 dagger (venom)
rCold   . . .      Faith    .    (no shield)
rNeg    . . .      Spirit   .    p - +1 robe {rF+}
rPois   .          Reflect  .    (no helmet)
rElec   .          Harm     .    u - +0 cloak
rCorr   .          Rampage  .    (no gloves)
Will    .....                    (no boots)
Stlth   +++                      (no amulet)
HPRegen 0.31/turn                h - +6 ring of strength
MPRegen 0.17/turn                C - ring of wizardry

@: ice-armoured, freezing walls, very slightly contaminated, heavily drained
A: fangs 1, strong nose, distributed training
a: Renounce Religion, Stomp, Line Pass, Grand Finale


You were on level 9 of the Dungeon.
You worshipped Uskayaw.
Uskayaw was noncommittal.
You visited 2 branches of the dungeon, and saw 10 of its levels.

You collected 565 gold pieces.
You spent 515 gold pieces at shops.

Inventory:

Hand Weapons
 x - a +0 dagger of venom (weapon)
 B - a +2 halberd of freezing
Armour
 p - a +1 robe of fire resistance (worn)
 u - a +0 cloak (worn)
Jewellery
 a - a +6 ring of dexterity
 h - a +6 ring of strength (left hand)
 q - a ring of flight
 C - a ring of wizardry (right hand)
Wands
 o - a wand of digging (3)
 z - a wand of mindburst (16)
Scrolls
 e - 2 scrolls of enchant weapon
 l - a scroll of butterflies {unknown}
 m - 2 scrolls of teleportation
 n - a scroll of vulnerability {unknown}
 r - 2 scrolls of enchant armour
 s - 2 scrolls of fear
 w - 2 scrolls of blinking
 y - 2 scrolls of immolation
 D - a scroll of torment {unknown}
Potions
 b - a potion of magic
 c - 4 potions of flight
 d - a potion of curing
 f - 6 potions of attraction
 g - 3 potions of might
 i - a potion of brilliance {unknown}
 j - 2 potions of resistance {unknown}
 k - 3 potions of lignification
 t - a potion of heal wounds {unknown}
 v - a potion of invisibility {unknown}


   Skills:
 + Level 5.6 Fighting
 + Level 5.6 Short Blades
 + Level 5.6 Long Blades
 + Level 5.6 Axes
 + Level 5.6 Maces & Flails
 + Level 5.6 Polearms
 + Level 5.6 Staves
 + Level 5.6 Ranged Weapons
 + Level 5.6 Throwing
 + Level 5.6 Armour
 + Level 7.3 Dodging
 + Level 7.1 Stealth
 + Level 5.6 Shields
 + Level 5.6 Unarmed Combat
 + Level 7.6 Spellcasting
 + Level 4.6 Conjurations
 + Level 4.6 Hexes
 + Level 4.6 Summonings
 + Level 4.6 Necromancy
 + Level 4.6 Translocations
 + Level 4.6 Transmutations
 + Level 4.6 Fire Magic
 + Level 8.6 Ice Magic
 + Level 4.6 Air Magic
 + Level 4.6 Earth Magic
 + Level 4.6 Poison Magic
 + Level 6.2 Invocations
 + Level 5.6 Evocations


You had 5 spell levels left.
You knew the following spells:

 Your Spells              Type           Power      Damage    Failure   Level
a - Freeze                Ice            100%       1d10      1%          1
b - Frozen Ramparts       Ice            80%        1d13      1%          3
c - Ozocubu's Armour      Ice            40%        N/A       1%          3
d - Sting                 Tmut/Pois      100%       1d8       1%          1
e - Ignite Poison         Fire/Tmut/Pois 25%        N/A       1%          3
f - Olgreb's Toxic Radia  Pois           25%        N/A       6%          4
g - Summon Ice Beast      Ice/Summ       32%        N/A       2%          4

Your spell library contained the following spells:

 Spells                   Type           Power      Damage    Failure   Level
 Apportation              Tloc           50%        N/A       1%          1
 Necrotise                Necr           100%       1d9       1%          1
 Summon Small Mammal      Summ           100%       N/A       1%          1
 Poisonous Vapours        Pois/Air       50%        N/A       1%          2
 Sticky Flame             Conj/Fire      25%        2d5       6%          4
 Summon Cactus Giant      Summ           12%        N/A       61%         6
 Malign Gateway           Summ/Tloc      12%        N/A       98%         7


Dungeon Overview and Level Annotations

Branches:
Dungeon (9/15)             Temple (1/1) D:5
   Lair: D:8-11         Orc: D:9-12

Altars:
Ashenzari
Cheibriados
Dithmenos
Elyvilon
Fedhas
Gozag
Hepliaklqana
Kikubaaqudgha
Makhleb
Nemelex Xobeh
Qazlal
Ru
Sif Muna
Trog
Uskayaw
Vehumet
Wu Jian
Xom
Yredelemnul
The Shining One

Shops:
D:2 =   D:5 ?


Innate Abilities, Weirdness & Mutations

You have very sharp teeth.
Your uncanny sense of smell can sniff out nearby items.
Your experience applies equally to all skills.


Message History

Casting: Frozen Ramparts (safe; 1% risk of failure)
Confirm with . or Enter, or press ? or * to list all spells.
Okay, then.
Casting: Frozen Ramparts (safe; 1% risk of failure)
Confirm with . or Enter, or press ? or * to list all spells.
You miscast Summon Ice Beast.
You are very lightly contaminated with residual magic.
Nothing appears to happen.
The frozen ramparts melt away.
The wight barely misses you.
Casting: Summon Ice Beast (dangerous; 2% risk of failure)
Confirm with . or Enter, or press ? or * to list all spells.
A chill wind blows around you. The wight barely misses you.
Casting: Summon Ice Beast (dangerous; 2% risk of failure)
Confirm with . or Enter, or press ? or * to list all spells.
Casting: Frozen Ramparts (safe; 1% risk of failure)
Press: ? - help, Dir - look around, f - activate A large open door, spattered with blood.
The walls around you are covered in ice.
The wight completely resists.
The wall freezes the wight but does no damage.
The wight hits you with a +3 long sword of freezing!
You feel drained. The wight freezes you.
* * * LOW HITPOINT WARNING * * *
You hit the wight but do no damage.
The wight is almost destroyed.
The wight resists.
The wall freezes the wight.
The wight hits you with a +3 long sword of freezing.
* * * LOW HITPOINT WARNING * * *
The wight freezes you.
* * * LOW HITPOINT WARNING * * *
You closely miss the wight.
The wight is almost destroyed.
Your ice beast closely misses the wight.
You hit the wight but do no damage.
The wight is almost destroyed.
The wight resists.
The wall freezes the wight.
The wight hits you with a +3 long sword of freezing!
* * * LOW HITPOINT WARNING * * *
You feel drained.
You die...

#.................#
#..............)..###
#.......########....#
#.......#.....(#....#
.........#......#....#
..........#.....##....#
#####.....#.....#..>..#
#.....#.....'.....#
#.....#.....@Y....#
#.....#######z....#
#.................#
#.................#
#........z........#
+........♣'♣♣♣+♣..#
#.......z♣.....♣..#
#....^...♣.###.♣#.#
#........♣.....♣#.#


You could see a wight (ally target) and a friendly ice beast (summoned).

Vanquished Creatures
  A manticore (D:8)
  A hornet (D:8)
  Grinder (D:5)
  Prince Ribbit (D:5)
  A wyvern (D:7)
  Sigmund (D:2)
  3 yaks (D:9)
  A steam dragon (D:9)
  Menkaure (D:6)
  2 water moccasins (D:6)
  A black bear (D:5)
  2 orc warriors (D:6)
  3 ice beasts
  A sky beast (D:6)
  An ogre (D:6)
  2 centaurs
  3 phantoms
  A kobold brigand (D:8)
  2 bullfrogs
  2 necrophages
  5 scorpions
  10 wights
  5 howler monkeys
  3 orc priests
  A jelly (D:5)
  4 hounds
  4 iguanas
  Jessica (D:2)
  5 orc wizards
  A gnoll (D:4)
  2 adders
  A shadow imp (D:7)
  4 white imps
  A worm (D:3)
  A dart slug (D:4)
  15 orcs
  6 ball pythons
  5 bats
  6 endoplasms
  2 giant cockroaches
  7 goblins
  6 hobgoblins
  7 jackals
  6 quokkas
  4 frilled lizards
  7 kobolds
  6 rats
156 creatures vanquished.

Notes
Turn   | Place    | Note
-------+----------+-------------------------------------------
     0 | D:1      | Crownlay the Gnoll Ice Elementalist began the quest for the
                  | Orb.
     0 | D:1      | Reached XP level 1. HP: 13/13 MP: 6/6
   322 | D:1      | Reached XP level 2. HP: 17/19 MP: 4/7
  1230 | D:2      | Reached skill level 5 in Spellcasting
  1230 | D:2      | Reached XP level 3. HP: 25/25 MP: 7/9
  1239 | D:2      | Learned a level 3 spell: Frozen Ramparts
  1243 | D:2      | Learned a level 3 spell: Ozocubu's Armour
  1368 | D:2      | Noticed Sigmund
  1466 | D:2      | Killed Sigmund
  1467 | D:2      | Reached skill level 1 in Fighting
  1467 | D:2      | Reached skill level 1 in Short Blades
  1467 | D:2      | Reached skill level 1 in Long Blades
  1467 | D:2      | Reached skill level 1 in Axes
  1467 | D:2      | Reached skill level 1 in Maces & Flails
  1467 | D:2      | Reached skill level 1 in Polearms
  1467 | D:2      | Reached skill level 1 in Staves
  1467 | D:2      | Reached skill level 1 in Ranged Weapons
  1467 | D:2      | Reached skill level 1 in Throwing
  1467 | D:2      | Reached skill level 1 in Armour
  1467 | D:2      | Reached skill level 1 in Shields
  1467 | D:2      | Reached skill level 1 in Unarmed Combat
  1467 | D:2      | Reached skill level 1 in Conjurations
  1467 | D:2      | Reached skill level 1 in Hexes
  1467 | D:2      | Reached skill level 1 in Summonings
  1467 | D:2      | Reached skill level 1 in Necromancy
  1467 | D:2      | Reached skill level 1 in Translocations
  1467 | D:2      | Reached skill level 1 in Transmutations
  1467 | D:2      | Reached skill level 1 in Fire Magic
  1467 | D:2      | Reached skill level 1 in Air Magic
  1467 | D:2      | Reached skill level 1 in Earth Magic
  1467 | D:2      | Reached skill level 1 in Poison Magic
  1467 | D:2      | Reached skill level 1 in Invocations
  1467 | D:2      | Reached skill level 1 in Evocations
  1467 | D:2      | Reached XP level 4. HP: 13/33 MP: 1/11
  1467 | D:2      | Reached XP level 5. HP: 15/38 MP: 1/12
  1665 | D:2      | Found Huaprewa's Jewellery Boutique.
  1726 | D:2      | Noticed Jessica
  1732 | D:2      | Killed Jessica
  1733 | D:2      | Reached XP level 6. HP: 41/44 MP: 5/13
  2209 | D:3      | Reached skill level 5 in Dodging
  3043 | D:4      | Found a burning altar of Makhleb.
  3046 | D:4      | Found a broken altar of Ashenzari.
  3856 | D:5      | Entered Level 5 of the Dungeon
  3887 | D:5      | Reached XP level 7. HP: 50/50 MP: 8/15
  4035 | D:5      | Got Sif Muna's Lessons on the Bonfire and Calling
  4040 | D:5      | Learned a level 1 spell: Sting
  4132 | D:5      | Found a staircase to the Ecumenical Temple.
  4151 | D:5      | Reached skill level 5 in Stealth
  4157 | Temple   | Entered the Ecumenical Temple
  4355 | D:5      | Noticed Grinder
  4356 | D:5      | Paralysed by Grinder for 3 turns
  4386 | D:5      | Killed Grinder
  4387 | D:5      | Reached XP level 8. HP: 45/58 MP: 2/16
  4492 | D:5      | Found Zuqax's Magic Scroll Shop.
  4497 | D:5      | Bought a scroll of identify for 20 gold pieces
  4497 | D:5      | Bought a scroll of identify for 20 gold pieces
  4497 | D:5      | Bought a scroll of noise for 10 gold pieces
  4497 | D:5      | Bought a scroll of enchant armour for 75 gold pieces
  4600 | D:5      | Found a hide-covered altar of Uskayaw.
  4601 | D:5      | Noticed Prince Ribbit
  4608 | D:5      | Became a worshipper of Uskayaw the Reveller
  4620 | D:5      | Reached * piety under Uskayaw
  4627 | D:5      | Reached ** piety under Uskayaw
  4634 | D:5      | Reached *** piety under Uskayaw
  4635 | D:5      | Killed Prince Ribbit
  4996 | D:5      | Reached **** piety under Uskayaw
  5001 | D:5      | Reached ***** piety under Uskayaw
  5312 | D:6      | Reached XP level 9. HP: 65/65 MP: 10/18
  5728 | D:6      | Reached skill level 8 in Ice Magic
  5956 | D:6      | Noticed Menkaure
  6447 | D:6      | Killed Menkaure
  6683 | D:7      | Found a shadowy altar of Dithmenos.
  6701 | D:7      | Reached skill level 5 in Invocations
  6747 | D:7      | Learned a level 3 spell: Ignite Poison
  7090 | D:7      | Found a white marble altar of Elyvilon.
  7096 | D:7      | Learned a level 4 spell: Olgreb's Toxic Radiance
  7301 | D:7      | Found a shimmering altar of Xom.
  7304 | D:7      | Found a basalt altar of Yredelemnul.
  7307 | D:7      | Found a sacrificial altar of Ru.
  7856 | D:8      | Identified the +0 robe of Foolhardiness {rF+}
  7882 | D:8      | Reached skill level 5 in Fighting
  7882 | D:8      | Reached skill level 5 in Short Blades
  7882 | D:8      | Reached skill level 5 in Long Blades
  7882 | D:8      | Reached skill level 5 in Axes
  7882 | D:8      | Reached skill level 5 in Maces & Flails
  7882 | D:8      | Reached skill level 5 in Polearms
  7882 | D:8      | Reached skill level 5 in Staves
  7882 | D:8      | Reached skill level 5 in Ranged Weapons
  7882 | D:8      | Reached skill level 5 in Throwing
  7882 | D:8      | Reached skill level 5 in Armour
  7882 | D:8      | Reached skill level 5 in Shields
  7882 | D:8      | Reached skill level 5 in Unarmed Combat
  7882 | D:8      | Reached skill level 5 in Evocations
  7882 | D:8      | Reached XP level 10. HP: 74/74 MP: 12/20
  8184 | D:8      | Reached ****** piety under Uskayaw
  8512 | D:2      | Bought a ring of wizardry for 390 gold pieces
  8537 | D:4      | Learned a level 4 spell: Summon Ice Beast
  8664 | D:8      | Noticed a manticore
  8673 | D:8      | Killed a manticore
  8904 | D:8      | Found a stormy altar of Qazlal.
  8907 | D:8      | Found a blossoming altar of Fedhas.
  9390 | D:9      | Found a sparkling altar of Nemelex Xobeh.
  9656 | D:9      | HP: 1/69 [wight/+3 long sword of freezing (10)]
  9656 | D:9      | Slain by a wight

Illustrated notes

Levels and vault maps discovered:
D:1:      amcnicky_arrival_gap_in_the_tavern_cellar, layout_basic, st_stairs_13,
          kennysheep_small_spiral, minmay_pentomino_o4
D:2:      layout_basic, serial_curves, eino_curves_04, eino_curves_01,
          eino_curves_01, eino_curves_02, serial_shops,
          nicolae_shop_advertising_works [nicolae_subvault_shop_adworks],
          uniq_sigmund, uniq_jessica
D:3:      layout_loops_ring, columned_hall_lemuel
D:4:      layout_loops_corners, nicolae_overflow_hidden_temple, st_stairs_11
D:5:      layout_cave_pools, mainiacjoe_overflow_boulevard,
          minmay_temple_entry_mini_moons, serial_park, serial_park_square1
          [serial_park_minivault_5x5_3], serial_park_square2,
          serial_park_tiny_1, serial_shops, nicolae_shop_hallway_plus,
          uniq_prince_ribbit1, uniq_grinder
D:6:      layout_gridville, uniq_menkaure
D:7:      layout_basic, mainiacjoe_overflow_catwalk,
          grunt_temple_overflow_cloverleaf
D:8:      layout_basic, grunt_temple_overflow_forces_of_nature
D:9:      cheibrodos_elevator_heist, layout_irregular_city,
          okawaru_metal_pillars_1_2, mainiacjoe_overflow_six_doors_small,
          kennysheep_generic_room_16
Temple:   nicolae_temple_ecumenical_triangle

Skill      XL: |  1  2  3  4  5  6  7  8  9 10 |
---------------+-------------------------------+-----
Spellcasting   | 5 6 7 |  7.6
Fighting       | 1 2 3 5 |  5.6
Short Blades   | 1 2 3 5 |  5.6
Long Blades    | 1 2 3 5 |  5.6
Axes           | 1 2 3 5 |  5.6
Maces & Flails | 1 2 3 5 |  5.6
Polearms       | 1 2 3 5 |  5.6
Staves         | 1 2 3 5 |  5.6
Ranged Weapons | 1 2 3 5 |  5.6
Throwing       | 1 2 3 5 |  5.6
Armour         | 1 2 3 5 |  5.6
Shields        | 1 2 3 5 |  5.6
Unarmed Combat | 1 2 3 5 |  5.6
Conjurations   | 1 2 3 4 |  4.6
Hexes          | 1 2 3 4 |  4.6
Summonings     | 1 2 3 4 |  4.6
Necromancy     | 1 2 3 4 |  4.6
Translocations | 1 2 3 4 |  4.6
Transmutations | 1 2 3 4 |  4.6
Fire Magic     | 1 2 3 4 |  4.6
Air Magic      | 1 2 3 4 |  4.6
Earth Magic    | 1 2 3 4 |  4.6
Poison Magic   | 1 2 3 4 |  4.6
Invocations    | 1 2 3 4 5 6 |  6.2
Evocations     | 1 2 3 5 |  5.6
Dodging        | 5 6 7 |  7.3
Stealth        | 5 6 7 |  7.1
Ice Magic      | 8 |  8.6

Action                     |  1- 3 |  4- 6 |  7- 9 | 10-12 || total
---------------------------+-------+-------+-------+-------++-------
  Melee: Unarmed           |     4 |       |       |       ||     4
         War axe           |     2 |       |       |       ||     2
         Whip              |     1 |    23 |   119 |       ||   143
         Bite              |       |     2 |    31 |     5 ||    38
         Punch             |       |       |     4 |     1 ||     5
         Dagger            |       |       |    73 |    55 ||   128
   Cast: Freeze            |    32 |    37 |    10 |       ||    79
         Frozen Ramparts   |     3 |    11 |    31 |    12 ||    57
         Ozocubu's Armour  |     2 |     5 |    24 |     6 ||    37
         Sting             |       |       |    32 |     7 ||    39
         Olgreb's Toxic Ra |       |       |     7 |     6 ||    13
         Ignite Poison     |       |       |     6 |     6 ||    12
         Summon Ice Beast  |       |       |       |     2 ||     2
    Use: Scroll            |       |       |     7 |     3 ||    10
         Potion            |       |       |     1 |       ||     1
   Stab: Paralysed         |       |       |    11 |     4 ||    15
 Armour: Robe              |     3 |     9 |    48 |    15 ||    75
  Dodge: Dodged            |    26 |    34 |   110 |    43 ||   213

Table legend: (Time is in decaauts)
 A = Elapsed time spent in this place.
 B = Non-inter-level travel time spent in this place.
 C = Inter-level travel time spent in this place.
 D = Time resting spent in this place.
 E = Time spent auto-exploring this place.
 F = Levels seen in this place.
 G = Mean time per level.
                   A        B        C        D        E       F      G
               +--------+--------+--------+--------+--------+-----+--------+
         Total |   9628 |   9028 |    600 |      0 |   7679 |  10 |  962.8 |
       Dungeon |   9505 |   8905 |    600 |      0 |   7613 |   9 | 1056.1 |
        Temple |    123 |    123 |      0 |      0 |     66 |   1 |  123.0 |
               +--------+--------+--------+--------+--------+-----+--------+

Top non-repeatable levels by time:
     D:6: 1597 daAuts
     D:8: 1251 daAuts
     D:7: 1155 daAuts
     D:5: 1127 daAuts
     D:1: 1101 daAuts
     D:4: 1042 daAuts
     D:2: 1021 daAuts
     D:3: 769 daAuts
     D:9: 439 daAuts
  Temple: 123 daAuts
